[Event "FIDE Grand Prix Palma 2017"]
[Site "Palma de Mallorca"]
[Date "2017.11.22"]
[Round "6"]
[White "Nakamura, Hikaru"]
[Black "Ding, Liren"]
[Result "1/2-1/2"]
[ECO "D43"]
[WhiteElo "2780"]
[BlackElo "2774"]
[Annotator "RC"]
[PlyCount "41"]
[EventDate "2017.??.??"]
[EventType "swiss"]
[EventCountry "ESP"]
[SourceTitle "playchess.com"]
[Source "ChessBase"]
[SourceQuality "1"]
[TimeControl "40/6000+30:20/3000+30:900+30"]

1. d4 Nf6 2. c4 e6 3. Nf3 d5 4. Nc3 c6 5. g3 dxc4 6. Bg2 Nbd7 7. O-O Be7 8. a4 O-O 9. a5 Nd5 10. Bd2 b5 11. axb6 Qxb6 12. Na4 Qd8 13. Qc2 Ba6 14. Rfd1 Bb5 15. e4 Nb4 16. Bxb4 Bxb4 17. d5 cxd5 18. Nd4 Bxa4 19. Rxa4 Bc5 20. exd5 Bxd4 21. Rxd4 1/2-1/2

[Event "FIDE Grand Prix Palma 2017"]
[Site "Palma de Mallorca"]
[Date "2017.11.23"]
[Round "7"]
[White "Rapport, Richard"]
[Black "Aronian, Levon"]
[Result "1/2-1/2"]
[ECO "A06"]
[WhiteElo "2692"]
[BlackElo "2801"]
[Annotator "RC"]
[PlyCount "157"]
[EventDate "2017.??.??"]
[EventType "swiss"]
[EventCountry "ESP"]
[SourceTitle "playchess.com"]
[Source "ChessBase"]
[SourceQuality "1"]
[TimeControl "40/6000+30:20/3000+30:900+30"]

1. Nf3 d5 2. g3 Nf6 3. Bg2 e6 4. O-O Be7 5. c4 O-O 6. d4 dxc4 7. Qc2 a6 8. a4 Bd7 9. Rd1 Bc6 10. Bg5 a5 11. Nbd2 Na6 12. Nxc4 Nb4 13. Qb3 Nd7 14. Bxe7 Qxe7 15. Qa3 Rfd8 16. Rac1 Nd5 17. Qa1 N5f6 18. b3 Qb4 19. Ncd2 Rac8 20. e3 Ne4 21. Nc4 Nd6 22. Ne1 Bxg2 23. Kxg2 Nxc4 24. bxc4 Qe7 25. Nd3 c5 26. Qa3 Kf8 27. Qb3 b6 28. Qb5 cxd4 29. exd4 Qd6 30. Nf4 Qc6+ 31. Qxc6 Rxc6 32. d5 Rd6 33. dxe6 Nc5 34. e7+ Kxe7 35. Nd5+ Kf8 36. Ra1 Rc8 37. Rdb1 Nd7 38. Ne3 Ne5 39. Rc1 Rd2 40. Rcb1 Nd3 41. Rf1 g6 42. Ra3 Rc6 43. Rb3 Nc5 44. Ra3 Ne4 45. Raa1 Rf6 46. Ng4 Rfd6 47. Ne3 Rf6 48. Ng4 Rf5 49. Rfd1 Rc5 50. Rxd2 Nxd2 51. Nf6 Ke7 52. Nd5+ Kd6 53. Rd1 Nxc4 54. Nxb6+ Kc6 55. Nd7 Rd5 56. Rc1 Rd4 57. Ne5+ Kc5 58. Nxf7 Kb4 59. Ng5 Nd2 60. Ne6 Rc4 61. Ra1 Kb3 62. f4 Kb2 63. Re1 Rxa4 64. Re5 Kc3 65. f5 Nc4 66. Rc5 gxf5 67. Kh3 Ra2 68. Rxf5 a4 69. Nc7 Rd2 70. Rf8 Rd7 71. Nb5+ Kb4 72. Rb8 Kc5 73. Nc3 a3 74. Rb5+ Kd4 75. Rb3 Ke5 76. Rb5+ Kd4 77. Rb3 Ra7 78. Nb5+ Kc5 79. Rxa3 1/2-1/2

[Event "FIDE Grand Prix Palma 2017"]
[Site "Palma de Mallorca"]
[Date "2017.11.24"]
[Round "8"]
[White "Gelfand, Boris"]
[Black "Radjabov, Teimour"]
[Result "0-1"]
[ECO "E18"]
[WhiteElo "2719"]
[BlackElo "2741"]
[Annotator "ChessBase"]
[PlyCount "96"]
[EventDate "2017.??.??"]
[EventType "swiss"]
[EventCountry "ESP"]
[SourceTitle "playchess.com"]
[Source "ChessBase"]
[SourceQuality "1"]
[TimeControl "40/6000+30:20/3000+30:900+30"]

1. d4 Nf6 2. c4 e6 3. Nf3 b6 4. g3 Bb7 5. Bg2 Be7 6. O-O O-O 7. Nc3 Ne4 8. Bd2 Nxd2 9. Qxd2 d6 10. Rad1 Nd7 11. Rfe1 c5 12. e4 a6 13. d5 e5 14. b3 g6 15. Rf1 Bc8 16. Ne1 Rb8 17. a4 f5 18. f4 exf4 19. gxf4 fxe4 20. Nxe4 b5 21. a5 bxc4 22. bxc4 Rb4 23. Rc1 Nf6 24. Ng5 Qxa5 25. Nd3 Ra4 26. Qe3 Qd8 27. Rce1 Bf5 28. Bh3 Nxd5 29. cxd5 Bxg5 30. Bxf5 Rxf5 31. Qe6+ Kg7 32. fxg5 Qxg5+ 33. Kh1 Ra2 34. Qe7+ Qxe7 35. Rxe7+ Kf8 36. Ree1 Rxf1+ 37. Rxf1+ Ke7 38. Re1+ Kd7 39. Re3 a5 40. Rh3 h5 41. Nf4 a4 42. Nxg6 a3 43. Rf3 c4 44. Nf4 Ra1+ 45. Kg2 a2 46. Ra3 c3 47. Ne2 c2 48. Kf2 Rh1 0-1